 Dungeon Sprint DCSS version 0.19.0-9-gfd783f2 (webtiles) character file.

118 LORDOFBUTT the Covert (level 4, -4/21 HPs)
             Began as a Spriggan Enchanter on Nov 7, 2016.
             Was a Follower of Dithmenos.
             Slain by a phantom (7 damage)
             ... in the Dungeon (Sprint V: "Ziggurat Sprint").
             The game lasted 00:02:03 (150 turns).

LORDOFBUTT the Covert (Spriggan Enchanter)           Turns: 150, Time: 00:02:05

Health: -4/21      AC:  3    Str:  5    XL:     4   Next: 72%
Magic:  5/13       EV: 19    Int: 16    God:    Dithmenos [*.....]
Gold:   0          SH:  0    Dex: 28    Spells: 3 memorised, 9 levels left

rFire  . . .     SeeInvis +     y - +5 quick blade
rCold  . . .     Gourm    .     b - +1 robe
rNeg   . . .     Faith    .     (shield restricted)
rPois  .         Spirit   .     (helmet restricted)
rElec  .         Reflect  .     (no cloak)
rCorr  .         Harm     .     (gloves unavailable)
MR     .....     NoTele   +     (boots unavailable)
Stlth  +++++++...               (no amulet)
                                A - +6 ring of dexterity
                                z - +6 ring of dexterity

@: very slightly contaminated, slowed, wreathed by umbra, quick
A: unfitting armour, see invisible, herbivore 3, speed 3, slow metabolism 2
a: Renounce Religion


You were in the Dungeon.
You worshipped Dithmenos.
Dithmenos was aware of your devotion.
You were not hungry.

You visited 1 branch

Inventory:

Hand Weapons
 a - a +1 dagger
 y - a +5 quick blade (weapon)
Armour
 b - a +1 robe (worn)
Jewellery
 n - an uncursed ring of protection from magic
 z - a +6 ring of dexterity (left hand)
 A - a +6 ring of dexterity (right hand)
 B - a +6 ring of intelligence
 C - a +6 ring of intelligence
 D - a +6 ring of strength
 E - a +6 ring of strength
Wands
 F - a wand of disintegration (7/24)
 G - a wand of iceblast (5/15)
 H - a wand of lightning (5/15)
 I - a wand of acid (5/15)
Scrolls
 j - 3 scrolls of blinking
 q - 4 scrolls of amnesia
 r - 3 scrolls of recharging
 s - 7 scrolls of fog
 t - a scroll of holy word
 u - 5 scrolls of identify
 v - 5 scrolls of remove curse
 w - 2 scrolls of fear
Potions
 e - 9 potions of curing
 f - 9 potions of heal wounds
 g - 6 potions of haste
 h - 6 potions of magic
 i - 2 potions of berserk rage
 k - 2 potions of brilliance
 l - 2 potions of invisibility
 m - 4 potions of resistance
 o - 5 potions of agility
 p - 5 potions of might
Books
 c - a book of Maledictions

   Spells                             Type                      Level
   a - Corona                         Hexes                        1
   b - Ensorcelled Hibernation        Hexes/Ice                    2
   c - Confuse                        Hexes                        3
   d - Tukima's Dance                 Hexes                        3
   e - Dazzling Spray                 Conjuration/Hexes            3
Comestibles
 d - 5 bread rations
 x - 42 fruits


   Skills:
 - Level 1.1 Short Blades
 - Level 3.0 Dodging
 + Level 13.0 Stealth
 * Level 6.3 Spellcasting
 * Level 6.8 Hexes


You had 9 spell levels left.
You knew the following spells:

 Your Spells              Type           Power        Failure   Level  Hunger
a - Corona                Hex            ####...      1%          1    None
b - Ensorcelled Hibernat  Hex/Ice        ###...       6%          2    None
c - Confuse               Hex            ####....     2%          3    ##.....


Dungeon Overview and Level Annotations

Branches:
Dungeon (1/1)

Altars:
Ashenzari
Cheibriados
Dithmenos
Elyvilon
Fedhas
Gozag
Hepliaklqana
Kikubaaqudgha
Makhleb
Nemelex Xobeh
Okawaru
Qazlal
Ru
Sif Muna
Trog
Uskayaw
Vehumet
Xom
Yredelemnul
Zin
The Shining One
Beogh
Jiyva
Lugonu


Innate Abilities, Weirdness & Mutations

You are very small and have problems with some larger weapons.
You are too small for most types of armour.
You have supernaturally acute eyesight. (SInv)
You are a herbivore.
You cover ground extremely quickly.
You need consume almost no food.


Message History

The wight appears confused.
The adder skeleton barely misses you. The adder skeleton misses you.
You hit the adder skeleton.
The adder skeleton is moderately damaged.
The adder skeleton bites you.
* * * LOW HITPOINT WARNING * * *
You barely miss the adder skeleton.
The adder skeleton is moderately damaged.
The adder skeleton barely misses you.
You hit the adder skeleton.
The adder skeleton is heavily damaged.
The adder skeleton barely misses you. The phantom hits you.
* * * LOW HITPOINT WARNING * * *
You puncture the adder skeleton!
You destroy the adder skeleton!
Dithmenos accepts your kill.
You are shrouded in an aura of darkness!
Your Stealth skill increases to level 13!
The phantom hits you!
You die...

▓▓▓▓▓▓▓▓▓▓▓▓▓▓▓▓▓▓▓
▓.8©8.▓.8©8.▓.8©8.▓
▓.Zz}.▓.=.).▓.....▓
▓..!..▓No...▓.)...▓
▓..W..▓.O...▓.....▓
▓..@..▓.....▓.....▓
▓.....▓.....▓.....▓
▓.....▓..§..▓▓▓▓▓▓▓
▓▓▓▓▓▓▓▓▓▓▓▓▓


You could see a phantom, a wight (confused) and an adder skeleton (dormant).

Vanquished Creatures
  A water moccasin (D)
  An adder skeleton (D)
  A ball python (D)
3 creatures vanquished.

Notes
Turn   | Place    | Note
-------+----------+-------------------------------------------
     0 | D        | LORDOFBUTT the Spriggan Enchanter began the quest for the Orb.
     0 | D        | Reached XP level 1. HP: 9/9 MP: 5/5
     2 | D        | Found a deep blue altar of Sif Muna.
     2 | D        | Found a sacrificial altar of Ru.
     2 | D        | Found a bloodstained altar of Trog.
     2 | D        | Found a stormy altar of Qazlal.
     2 | D        | Found an iron altar of Okawaru.
     2 | D        | Found a sparkling altar of Nemelex Xobeh.
     2 | D        | Found a blossoming altar of Fedhas.
     4 | D        | Found an ancient bone altar of Kikubaaqudgha.
     4 | D        | Found a viscous altar of Jiyva.
     4 | D        | Found a corrupted altar of Lugonu.
     4 | D        | Found a hazy altar of Hepliaklqana.
     4 | D        | Found a burning altar of Makhleb.
     4 | D        | Found an opulent altar of Gozag.
    25 | D        | Became a worshipper of Dithmenos the Shadowed
    52 | D        | Reached skill level 12 in Stealth
    52 | D        | Reached XP level 2. HP: 13/13 MP: 6/6
    63 | D        | Entered arena 1.
    63 | D        | Noticed a water moccasin
    71 | D        | Killed a water moccasin
    71 | D        | Reached XP level 3. HP: 14/16 MP: 6/11
    71 | D        | Reached XP level 4. HP: 18/21 MP: 7/13
   128 | D        | Learned a level 2 spell: Ensorcelled Hibernation
   132 | D        | Learned a level 3 spell: Confuse
   133 | D        | Entered arena 2.
   133 | D        | Noticed an orc knight
   133 | D        | Noticed a salamander
   133 | D        | Noticed an ogre mage
   139 | D        | Entered arena 3.
   139 | D        | Noticed a phantom
   150 | D        | Reached * piety under Dithmenos
   150 | D        | Reached skill level 13 in Stealth
   150 | D        | Slain by a phantom

Skill      XL: |  1  2  3  4 |
---------------+-------------+-----
Stealth        | 12 13 | 13.0
Spellcasting   | 6 |  6.3
Hexes          | 6 |  6.8
Short Blades   | |  1.1
Dodging        | |  3.0

Action                   |  1- 3 |  4- 6 || total
-------------------------+-------+-------++-------
Melee: Quick blade       |     5 |     4 ||     9
 Cast: Confuse           |       |     7 ||     7
  Use: Potion            |     3 |     2 ||     5
       Scroll            |       |     1 ||     1
Dodge: Dodged            |     4 |     9 ||    13
